 Dungeon Crawl Stone Soup version 0.23-b1-6-ga921848 (webtiles) character file.

Game seed: 17853447922307218946

25 Kairos the Shield-Bearer (level 3, 20/20 HPs)
             Began as a Vine Stalker Fighter on Feb 2, 2019.
             Quit the game on level 1 of the Dungeon.
             The game lasted 00:01:01 (1013 turns).

Kairos the Shield-Bearer (Vine Stalker Fighter)     Turns: 1013, Time: 00:01:02

Health: 20/20      AC:  6    Str: 19    XL:     3   Next: 4%
Magic:  4/4        EV:  7    Int:  8    God:
Gold:   44         SH:  9    Dex: 13    Spells: 2/2 levels left

rFire    . . .     SeeInvis .   a - +0 war axe
rCold    . . .     Gourm    .   c - +0 shield
rNeg     + . .     Faith    .   b - +0 scale mail
rPois    .         Spirit   +   (no helmet)
rElec    .         Reflect  .   (no cloak)
rCorr    .         Harm     .   (no gloves)
MR       .....                  (no boots)
Stlth    ..........             (no amulet)
HPRegen  0.06/turn              g - ring of positive energy
MPRegen  0.09/turn              (no ring)

@: very slightly contaminated
A: fangs 2, magic shield, antimagic bite, no potion heal 3, rot immunity
a: no special abilities


You were on level 1 of the Dungeon.
You were not hungry.

You visited 1 branch of the dungeon, and saw 1 of its levels.

You collected 44 gold pieces.

Inventory:

Hand Weapons
 a - a +0 war axe (weapon)
Armour
 b - a +0 scale mail (worn)
 c - a +0 shield (worn)
Jewellery
 g - a ring of positive energy (left hand)
Scrolls
 e - a scroll of remove curse
 i - 3 scrolls of teleportation
Potions
 d - a potion of might
 h - a potion of agility
Comestibles
 f - 2 rations


   Skills:
 + Level 3.0 Fighting
 + Level 2.0 Axes
 + Level 2.5 Armour
 + Level 3.2 Shields


You had 2 spell levels left.
You didn't know any spells.
Your spell library was empty.

Dungeon Overview and Level Annotations

Branches:
Dungeon (1/15)

Altars:


Innate Abilities, Weirdness & Mutations

You have extremely sharp teeth.
When hurt, damage is shared between your health and your magic reserves.
Your bite disrupts and absorbs the magic of your enemies.
Potions cannot restore your health.
You are immune to rotting.


Message History

No target in view!
Key pressed, stopping explore.
No target in view!
No target in view!
As you read the scroll labeled VIV QEORITUGG, it crumbles to dust.
You feel blessed for a moment.
It was a scroll of remove curse.
As you read the scroll labeled JUTEOL KISIOKYU, it crumbles to dust.
You feel strangely unstable.
It was a scroll of teleportation.
As you read the scroll labeled KAOPSAM HUC, it crumbles to dust.
The scroll dissolves into smoke.
It was a scroll of fog.
Blink to where?
Press: ? - help, Dir - move target cursor You are very lightly contaminated with residual magic.
As you read the scroll labeled ZUHOZADYCS, it crumbles to dust.
It was a scroll of blinking.
Your surroundings suddenly seem different.
As you read the scroll labeled BYKKOR HOAC, it crumbles to dust.
It is a scroll of identify.
h - a potion of agility Are you sure you want to abandon this character and quit the game? (Confirm with "yes".)

#######################§
#...................§§§§
#########.#+###########§
#....# #.....##§ #....#
#.....##. #....#
#.....##.
#########.#'####.)...##.
#..............'........
#######@#.#.####........
#.#............>#.
#.#.#.####.(....#.
##+#+#.# #........
#......##########.#
#.............(...#
#(.....##########.#
#######'#+#.# #....# #.#
#....÷......# #....# #.#


There were no monsters in sight!

Vanquished Creatures
  A leopard gecko (D:1)
  A giant cockroach (D:1)
  2 goblins (D:1)
  2 hobgoblins (D:1)
  7 kobolds (D:1)
  A ball python (D:1)
  4 bats (D:1)
  2 frilled lizards (D:1)
  3 rats (D:1)
23 creatures vanquished.

Notes
Turn   | Place    | Note
-------+----------+-------------------------------------------
     0 | D:1      | Kairos the Vine Stalker Fighter began the quest for the
                  | Orb.
     0 | D:1      | Reached XP level 1. HP: 11/11 MP: 2/2
   147 | D:1      | Reached XP level 2. HP: 15/16 MP: 3/3
   916 | D:1      | Reached XP level 3. HP: 20/20 MP: 4/4
  1013 | D:1      | Quit the game

Skill      XL: |  1  2 |
---------------+-------+-----
Shields        | 3 |  3.2
Fighting       | 3 |  3.0
Axes           | 2 |  2.0
Armour         | |  2.5

Action                   || total
-------------------------++-------
Melee: War axe           ||    73
       Bite              ||    21
  Use: Scroll            ||     5
Armor: Scale mail        ||    38
Dodge: Dodged            ||    22
Block: Shield            ||    39
